 Dungeon Crawl Stone Soup version 0.30-a0-55-g90e3122c3a (webtiles) character file.

Game seed: 11656291486511642240

2880 Decritt the Protected (level 9, 0/62 HPs)
             Began as a Gargoyle Fighter on Sept 10, 2022.
             Was a Believer of Ru.
             Slain by a deep elf pyromancer
             ... wielding a +2 short sword of speed
              (2 damage)
             ... on level 9 of the Dungeon.
             The game lasted 00:17:14 (8726 turns).

Decritt the Protected (Gargoyle Fighter)            Turns: 8726, Time: 00:17:14

Health: 0/62       AC: 25    Str: 28    XL:     9   Next: 76%
Magic:  9/9        EV:  8    Int:  8    God:    Ru [**....]
Gold:   595        SH:  5    Dex:  9    Spells: 8/8 levels left

rFire   . . .      SeeInvis .    q - +3 demon whip of Enykiec {drain, rC+ rN+ Str+3}
rCold   + . .      Faith    .    c - +0 buckler
rNeg    + + .      Spirit   .    t - +0 chain mail
rPois   ∞          Reflect  .    (no helmet)
rElec   +          Harm     .    p - +2 cloak
rCorr   .          Rampage  .    (no gloves)
Will    .....                    (no boots)
Stlth   ..........               (no amulet)
HPRegen 0.20/turn                l - +4 ring of protection
MPRegen 0.11/turn                (no ring)

@: studying Armour
A: sickness immunity, AC +6, negative energy resistance 1, electricity
resistance, torment resistance 1, petrification resistance, hated by all
a: Renounce Religion


You were on level 9 of the Dungeon.
You worshipped Ru.
Ru was pleased with you.
You visited 2 branches of the dungeon, and saw 10 of its levels.

You collected 595 gold pieces.

Inventory:

Hand Weapons
 q - the +3 demon whip of Enykiec (weapon) {drain, rC+ rN+ Str+3}
   (You acquired it on level 5 of the Dungeon)

   A truly terrible weapon, it drains the life of any living foe it strikes.
   Str:       It affects your strength (+3).
   rC:        It protects you from cold.
   rN:        It protects you from negative energy.
Missiles
 a - 4 boomerangs (quivered)
 m - a throwing net
Armour
 c - a +0 buckler (worn)
 p - a +2 cloak (worn)
 t - a +0 chain mail (worn)
Jewellery
 l - a +4 ring of protection (left hand)
Scrolls
 d - 3 scrolls of butterflies
 h - 2 scrolls of magic mapping
 j - 4 scrolls of torment
 k - a scroll of teleportation {unknown}
 o - a scroll of summoning {unknown}
 w - a scroll of enchant weapon
Potions
 b - 3 potions of brilliance
 f - 5 potions of flight
 g - a potion of cancellation {unknown}
 i - 3 potions of curing
 n - 3 potions of degeneration {unknown}
 s - a potion of ambrosia {unknown}
 u - 2 potions of attraction


   Skills:
 - Level 10.0 Fighting
 * Level 5.7 Maces & Flails
 + Level 10.1 Armour
 - Level 6.3 Shields


You had 8 spell levels left.
You didn't know any spells.
Your spell library contained the following spells:

 Spells                   Type           Power      Damage    Failure   Level
 Blink                    Tloc           0%         N/A       98%         2
 Ensorcelled Hibernation  Hex/Ice        0%         N/A       98%         2
 Passwall                 Tmut/Erth      0%         N/A       98%         2
 Frozen Ramparts          Ice            0%         1d1       100%        3
 Inner Flame              Hex/Fire       0%         N/A       100%        3
 Swiftness                Air            0%         N/A       100%        3
 Cause Fear               Hex            0%         N/A       100%        4
 Ice Form                 Ice/Tmut       0%         N/A       100%        4
 Manifold Assault         Tloc           0%         N/A       100%        5
 Storm Form               Tmut/Air       0%         N/A       100%        7
 Discord                  Hex            0%         N/A       100%        8
 Summon Small Mammal      Summ           Unusable   N/A       N/A         1
 Call Canine Familiar     Summ           Unusable   N/A       N/A         3
 Summon Guardian Golem    Hex/Summ       Unusable   N/A       N/A         3
 Summon Ice Beast         Ice/Summ       Unusable   N/A       N/A         4

Dungeon Overview and Level Annotations

Branches:
Dungeon (9/15)             Temple (1/1) D:6
   Lair: D:8-11         Orc: D:9-12

Altars:
Cheibriados
Dithmenos
Elyvilon
Gozag
Kikubaaqudgha
Makhleb
Nemelex Xobeh
Okawaru
Qazlal
Ru
Sif Muna
Trog
Uskayaw
Vehumet
Wu Jian
Xom
Zin
The Shining One


Innate Abilities, Weirdness & Mutations

You are immune to sickness and miasma.
Your stone body is resilient. (AC +6)
You are immune to poison.
You resist negative energy. (rN+)
You are resistant to electric shocks. (rElec)
You are resistant to unholy torment.
You are immune to petrification.
You are hated by all.


Message History

The centaur shouts!
You hit the two-headed ogre.
You kill the two-headed ogre!
The centaur wields a +3 shortbow.
The centaur shoots an arrow.
The arrow hits you but does no damage.
The deep elf pyromancer gestures wildly while chanting.
You hear a roar!
Your Maces & Flails skill increases to level 5!
Your Armour skill increases to level 10!
Unknown command.
You closely miss the deep elf pyromancer.
The deep elf pyromancer is moderately wounded.
You block the deep elf pyromancer's attack.
The fire elemental completely misses you.
You barely miss the deep elf pyromancer.
The deep elf pyromancer is moderately wounded.
The deep elf pyromancer casts a spell.
You block the fire elemental's attack. The fire elemental closely misses you.
You feel better.
The fire elemental disappears in a puff of smoke!
The fire elemental barely misses you.
The deep elf pyromancer hits you with a +2 short sword of speed.
* * * LOW HITPOINT WARNING * * *
You whack the deep elf pyromancer!
The deep elf pyromancer is heavily wounded.
You block the fire elemental's attack.
The deep elf pyromancer hits you but does no damage.
The fire elemental hits you. The fire elemental burns you!
* * * LOW HITPOINT WARNING * * *
The fire elemental hits you. The fire elemental burns you!
* * * LOW HITPOINT WARNING * * *
You feel better. The fire elemental hits you. The fire elemental burns you!
* * * LOW HITPOINT WARNING * * *
You redirect the deep elf pyromancer's attack!
The deep elf pyromancer hits the fire elemental with a +2 short sword of speed!
The fire elemental hits you. The fire elemental burns you!
* * * LOW HITPOINT WARNING * * *
The fire elemental barely misses you.
The deep elf pyromancer hits you with a +2 short sword of speed.
You die...

#.#.#.#
#.....#
#.#.#.#
#<....#
#...###
#...# #...#
#.○)#######.
#..E@Ec.....
##..eE......
##.#####...
#.# # ./.
.### . .


You could see a deep elf pyromancer (drained), 3 fire elementals and a centaur.

Vanquished Creatures
  A two-headed ogre (D:9)
  An acid dragon (D:7)
  A water moccasin (D:7)
  Duvessa (D:4)
  An orc warrior (D:7)
  An ice beast (D:8)
  A sky beast (D:8)
  2 centaurs (D:8)
  2 phantoms
  2 bullfrogs (D:7)
  2 kobold brigands (D:6)
  4 scorpions
  3 wights (D:7)
  Dowan (D:4)
  4 hounds
  Crazy Yiuf (D:4)
  2 orc priests
  2 iguanas
  5 orc wizards
  Natasha (thrice) (D:4)
  The ghost of fly the Sneak, a weakling DgDe (D:4)
  5 gnolls (D:4)
  3 adders
  3 ufetubi (D:5)
  5 dart slugs
  23 orcs
  4 endoplasms
  4 giant cockroaches
  11 goblins
  13 hobgoblins
  7 jackals
  3 quokkas
  3 ball pythons
  4 bats
  13 kobolds
  5 rats
147 creatures vanquished.

Notes
Turn   | Place    | Note
-------+----------+-------------------------------------------
     0 | D:1      | Decritt the Gargoyle Fighter began the quest for the Orb.
     0 | D:1      | Reached XP level 1. HP: 14/14 MP: 1/1
   124 | D:1      | Reached XP level 2. HP: 17/19 MP: 2/2
   154 | D:1      | Found a faded altar of an unknown god.
   819 | D:1      | Reached XP level 3. HP: 23/24 MP: 3/3
  1701 | D:3      | Reached XP level 4. HP: 29/30 MP: 4/4
  2260 | D:3      | Found a shimmering altar of Xom.
  2463 | D:4      | Noticed Natasha
  2464 | D:4      | Noticed Duvessa
  2468 | D:4      | Noticed Dowan
  2469 | D:4      | Killed Natasha
  2479 | D:3      | Reached skill level 5 in Fighting
  2479 | D:3      | Reached XP level 5. HP: 7/35 MP: 5/5
  2915 | D:4      | Killed Duvessa
  2916 | D:4      | Reached XP level 6. HP: 26/40 MP: 6/6
  2923 | D:4      | HP: 2/40 [Dowan/+0 dagger (5)]
  2925 | D:4      | Killed Dowan
  3387 | D:4      | Noticed Natasha
  3402 | D:4      | Killed Natasha
  3767 | D:4      | Identified the +4 sling of the Kidney {vorpal, Drain Str+3
                  | Int+3}
  3809 | D:4      | Reached skill level 5 in Armour
  4018 | D:4      | Reached XP level 7. HP: 44/47 MP: 7/7
  4167 | D:4      | Found a runed translucent door.
  4168 | D:4      | Noticed fly's ghost (weakling DgDe)
  4266 | D:4      | Killed fly's ghost
  4412 | D:4      | Found a runed translucent door.
  4413 | D:4      | Noticed Crazy Yiuf
  4420 | D:4      | Killed Crazy Yiuf
  4451 | D:4      | Noticed Natasha
  4459 | D:4      | Killed Natasha
  4603 | D:4      | Found a large runed translucent door.
  4605 | D:4      | Found a large runed translucent door.
  4805 | D:4      | Found an ancient bone altar of Kikubaaqudgha.
  4825 | D:4      | Found a glowing silver altar of Zin.
  4884 | D:5      | Entered Level 5 of the Dungeon
  4916 | D:5      | Identified 2 scrolls of acquirement
  4916 | D:5      | Acquired a manual of Armour
  4920 | D:5      | Acquired the +3 demon whip of Enykiec {drain, rC+ rN+
                  | Str+3}
  5707 | D:5      | Reached XP level 8. HP: 38/53 MP: 8/8
  6188 | D:6      | Found a staircase to the Ecumenical Temple.
  6197 | Temple   | Entered the Ecumenical Temple
  6211 | Temple   | Became a worshipper of Ru the Awakened
  6354 | D:6      | Reached skill level 5 in Shields
  6710 | D:6      | Found a hazy altar of Hepliaklqana.
  7150 | D:7      | Reached XP level 9. HP: 60/60 MP: 9/9
  7257 | D:7      | Found a stormy altar of Qazlal.
  8179 | D:7      | Gained mutation: You are hated by all. [Ru sacrifice]
  8179 | D:7      | Reached * piety under Ru
  8179 | D:7      | Reached ** piety under Ru
  8270 | D:7      | Found a radiant altar of Vehumet.
  8316 | D:8      | Noticed an eight-headed hydra
  8317 | D:8      | Noticed a boulder beetle
  8597 | D:8      | Reached skill level 10 in Fighting
  8686 | D:8      | Noticed a two-headed ogre
  8702 | D:9      | Noticed a deep elf pyromancer
  8721 | D:9      | Killed a two-headed ogre
  8722 | D:9      | Reached skill level 5 in Maces & Flails
  8722 | D:9      | Reached skill level 10 in Armour
  8725 | D:9      | HP: 3/62 [fire elemental[a deep elf pyromancer] (11)]
  8725 | D:9      | HP: 1/62 [fire elemental[a deep elf pyromancer] (2)]
  8726 | D:9      | Slain by a deep elf pyromancer

Illustrated notes

Levels and vault maps discovered:
D:1:      wander_arrival_estate, layout_loops_ring,
          hellmonk_ecumenical_altar_lost_god, nicolae_kite_square_tiling_tiny,
          minmay_tromino_i2
D:2:      layout_rooms, chequers_serial_rivers_room_b
D:3:      layout_loops_ring, mainiacjoe_overflow_chevrons
D:4:      corexii_shantytown, layout_loops_ring, jmf_multi_god_temple2,
          ebering_ghost_sewer_d, uniq_duvessa, uniq_crazy_yiuf_cottage,
          uniq_natasha
D:5:      layout_basic
D:6:      layout_loops_ring, nicolae_overflow_hidden_temple,
          minmay_temple_entry_waves, minmay_holes
D:7:      layout_basic, gammafunk_temple_overflow_wave,
          nicolae_qazlal_general_emergency
D:8:      minmay_chambers_of_sixes, layout_gridville, serial_shops,
          nicolae_square_shop, corexii_checkpoint_b, uniq_psyche,
          uniq_prince_ribbit1
D:9:      layout_loops_ring, mainiacjoe_overflow_brackets, serial_demonic,
          serial_demonic_a, serial_demonic_f, serial_demonic_f,
          serial_demonic_c, serial_demonic_b, gammafunk_ghost_berserking_beasts
Temple:   eino_temple_lava

Skill      XL: |  1  2  3  4  5  6  7  8  9 |
---------------+----------------------------+-----
Fighting       | 4 5 6 7 9 10 | 10.0
Armour         | 4 5 6 8 10 | 10.1
Maces & Flails | 3 5 |  5.7
Shields        | 4 5 6 |  6.3

Action                   |  1- 3 |  4- 6 |  7- 9 || total
-------------------------+-------+-------+-------++-------
Melee: Flail             |   133 |    46 |       ||   179
       Morningstar       |       |    51 |       ||    51
       Short sword       |       |    34 |       ||    34
       Demon whip        |       |       |   196 ||   196
 Fire: Sling             |       |    34 |    65 ||    99
Throw: Boomerang         |       |       |    41 ||    41
Invok: Sacrifice Love    |       |       |     1 ||     1
  Use: Potion            |       |     2 |     7 ||     9
       Scroll            |       |     8 |     9 ||    17
Armor: Scale mail        |   107 |   104 |       ||   211
       Chain mail        |       |    14 |   214 ||   228
Dodge: Dodged            |   100 |    75 |   140 ||   315
Block: Buckler           |    40 |    31 |    62 ||   133

Table legend: (Time is in decaauts)
 A = Elapsed time spent in this place.
 B = Non-inter-level travel time spent in this place.
 C = Inter-level travel time spent in this place.
 D = Time resting spent in this place.
 E = Time spent auto-exploring this place.
 F = Levels seen in this place.
 G = Mean time per level.
                   A        B        C        D        E       F      G
               +--------+--------+--------+--------+--------+-----+--------+
         Total |   8904 |   8702 |    202 |   1552 |   5654 |  10 |  890.4 |
       Dungeon |   8841 |   8645 |    196 |   1552 |   5616 |   9 |  982.3 |
        Temple |     62 |     56 |      6 |      0 |     38 |   1 |   62.0 |
               +--------+--------+--------+--------+--------+-----+--------+

Top non-repeatable levels by time:
     D:4: 1826 daAuts
     D:7: 1655 daAuts
     D:3: 1506 daAuts
     D:5: 1113 daAuts
     D:1: 1005 daAuts
     D:6: 832 daAuts
     D:2: 721 daAuts
     D:8: 157 daAuts
  Temple: 62 daAuts
     D:9: 22 daAuts
